 Dungeon Crawl Stone Soup version 0.29-a0-876-gfc89b1a5bd (webtiles) character file.

Game seed: 8056150992367660994

130 jimonade the Covert (level 5, 0/31 HPs)
             Began as a Kobold Brigand on July 19, 2022.
             Slain by an orc wizard
             ... wielding a +0 dagger
              (3 damage)
             ... on level 3 of the Dungeon.
             The game lasted 00:03:22 (2878 turns).

jimonade the Covert (Kobold Brigand)                Turns: 2878, Time: 00:03:23

Health: 0/31       AC:  3    Str:  9    XL:     5   Next: 36%
Magic:  5/5        EV: 14    Int: 12    God:
Gold:   139        SH:  0    Dex: 18    Spells: 4/4 levels left

rFire   . . .      SeeInvis .   a - +2 dagger
rCold   . . .      Faith    .   (no shield)
rNeg    + . .      Spirit   .   t - +0 robe
rPois   +          Reflect  .   (no helmet)
rElec   .          Harm     .   c - +0 cloak
rCorr   .          Rampage  .   (no gloves)
Will    .....                   (no boots)
Stlth   +++.......              (no amulet)
HPRegen 0.10/turn               j - ring of positive energy
MPRegen 0.09/turn               p - ring of poison resistance

@: confused
A: small, no large weapons, nightstalker 3
a: no special abilities


You were on level 3 of the Dungeon.
You visited 1 branch of the dungeon, and saw 3 of its levels.

You collected 139 gold pieces.

Inventory:

Hand Weapons
 a - a +2 dagger (weapon)
 b - a +0 sling
 v - a +1 dagger of pain
Missiles
 d - 9 poisoned darts (quivered)
 e - 3 curare-tipped darts
 q - 20 stones
 r - 6 atropa-tipped darts
Armour
 c - a +0 cloak (worn)
 o - a +0 leather armour
 t - a +0 robe (worn)
Jewellery
 j - a ring of positive energy (left hand)
 p - a ring of poison resistance (right hand)
Scrolls
 f - a scroll of noise {unknown}
 h - 2 scrolls of blinking {unknown}
 k - 2 scrolls of identify {unknown}
 m - a scroll of magic mapping {unknown}
 n - a scroll of enchant armour {unknown}
 u - a scroll of immolation {unknown}
Potions
 g - a potion of heal wounds {unknown}
 i - a potion of degeneration {unknown}
 l - a potion of flight {unknown}
 s - a potion of resistance {unknown}
 w - a potion of curing {unknown}
 x - a potion of brilliance {unknown}


   Skills:
 + Level 2.6 Fighting
 + Level 3.5 Short Blades
 - Level 2.1 Throwing
 + Level 1.5 Dodging
 * Level 8.0 Stealth


You had 4 spell levels left.
You didn't know any spells.
Your spell library was empty.

Dungeon Overview and Level Annotations

Branches:
Dungeon (3/15)

Altars:

Annotations:
D:3 exclusion: 2 gnolls


Innate Abilities, Weirdness & Mutations

You are small and have problems with some larger weapons.
You are completely attuned to the shadows.


Message History

The orc priest miscasts a cantrip.
The orc wizard mumbles some strange words.
The orc wizard flickers and vanishes!
Deactivating autopickup; reactivate with Ctrl-A.
You hit the orc priest.
You kill the orc priest!
Something hits you. The orc misses you.
Your Stealth skill increases to level 8!
The orc barely misses you. Something hits you. Something hits you.
You hear some strange, mumbled words.
You are confused.
You feel less confused.
You hit the orc.
The orc is almost dead.
You hit the orc.
You kill the orc!
Something hits you. Something hits you.
Things that are here:
a +0 short sword; an orc corpse You miss something.
Something hits you.
You hit something but do no damage. Something barely misses you.
You barely miss something. Something hits you but does no damage.
You hit something but do no damage. Something hits you.
You barely miss something. You miss something.
You hear some strange, mumbled words.
A magic dart appears from out of thin air!
The magic dart hits you.
* * * LOW HITPOINT WARNING * * *
You completely miss something. Something hits you.
* * * LOW HITPOINT WARNING * * *
You miss something. Something hits you but does no damage.
You hit something.
You hear some strange, mumbled words.
You are confused.
You bump into the rock wall.
Something hits you.
You die...

..###.#.#.#..# ##.##
#.....#....†.############ ##.#
#..######..............>###..#
#..##########.#########.....##
#.............# #.#####
#.###########.# #.# #.# #.#
#.# #.# ##.#### ##.# #.#
#....@# #..# #.#
#..##{#####.##### #.#
#)o##............ #.#####
#..########.########## .......
....)...................
#.#####
####.########.#########. #.#
#.# #.# #. #.# #.# #.# #. ..#
..# #.


There were no monsters in sight!

Vanquished Creatures
  An orc priest (D:3)
  3 adders
  3 dart slugs
  10 orcs (D:3)
  3 ball pythons
  7 endoplasms
  4 giant cockroaches
  2 goblins
  5 hobgoblins
  3 kobolds
  A quokka (D:1)
  3 bats
  4 frilled lizards
  7 rats
56 creatures vanquished.

Notes
Turn   | Place    | Note
-------+----------+-------------------------------------------
     0 | D:1      | jimonade the Kobold Brigand began the quest for the Orb.
     0 | D:1      | Reached XP level 1. HP: 12/12 MP: 1/1
   133 | D:1      | Reached XP level 2. HP: 13/17 MP: 2/2
   308 | D:1      | Reached skill level 6 in Stealth
   670 | D:1      | Reached XP level 3. HP: 22/22 MP: 3/3
   861 | D:1      | Found a faded altar of an unknown god.
  1231 | D:2      | Reached XP level 4. HP: 27/27 MP: 4/4
  1623 | D:2      | Reached skill level 7 in Stealth
  2515 | D:3      | Noticed a black bear
  2769 | D:3      | Reached XP level 5. HP: 31/31 MP: 5/5
  2856 | D:3      | Reached skill level 8 in Stealth
  2878 | D:3      | Slain by an orc wizard

Illustrated notes

Levels and vault maps discovered:
D:1:      lightli_iron_boxes, layout_basic, ebering_ecumenical_altar_abandoned
D:2:      layout_loops_corners, hangedman_decor_clover_reticule
D:3:      wad_crossroads, layout_basic, serial_park_tiny_2

Skill      XL: |  1  2  3  4  5 |
---------------+----------------+-----
Stealth        | 6 7 8 |  8.0
Short Blades   | 3 |  3.5
Fighting       | |  2.6
Throwing       | |  2.1
Dodging        | |  1.5

Action                   |  1- 3 |  4- 6 || total
-------------------------+-------+-------++-------
Melee: Dagger            |    44 |    90 ||   134
 Stab: Sleeping          |    16 |    17 ||    33
Armor: Robe              |     8 |    11 ||    19
Dodge: Dodged            |    15 |    33 ||    48

Table legend: (Time is in decaauts)
 A = Elapsed time spent in this place.
 B = Non-inter-level travel time spent in this place.
 C = Inter-level travel time spent in this place.
 D = Time resting spent in this place.
 E = Time spent auto-exploring this place.
 F = Levels seen in this place.
 G = Mean time per level.
                   A        B        C        D        E       F      G
               +--------+--------+--------+--------+--------+-----+--------+
         Total |   2855 |   2743 |    112 |      0 |   2334 |   3 |  951.7 |
       Dungeon |   2855 |   2743 |    112 |      0 |   2334 |   3 |  951.7 |
               +--------+--------+--------+--------+--------+-----+--------+

Top non-repeatable levels by time:
     D:2: 1019 daAuts
     D:1: 925 daAuts
     D:3: 909 daAuts
